cohdb
Replays
Latest Replays
All Replays
Popular Replays
Top Player Replays
Match Explorer
How It Works
Community
CoH3 Stats
Reddit
Sign in to upload your games and track your stats! →
Sign in with Steam
Match 42836820
Unlisted
Match 42836820
Overview
Messages
Build Orders
End
Kettenkrad Recon Vehicle
Construct Infanterie Kompanie
MG 42 Machine Gun Team
Grenadier Squad
Grenadier Squad
Construct Panzergrenadier Kompanie
251 Medium Carrier
Support Elements
Selects Italian Coastal Battlegroup
Selects Coastal Reserves
Selects Support Bunkers
Panzergrenadier Squad
Nebelwerfer 42 Rocket Launcher Team
StuG III G Assault Gun
Selects Rapid Fortifications
Rapid Fortifications
MG 42 Bunker
Nebelwerfer 42 Rocket Launcher Team
MG 42 Bunker
Selects Bulwark
StuG III G Assault Gun
StuG III G Assault Gun
Selects Artillery Officer
StuG III G Assault Gun
StuG III G Assault Gun
Side Skirts
Pioneer Squad
AI Takeover
犀利哥0577
cat
Sabom
Abeli
0
0
Comments
sign in to comment!
No comments posted yet!